 Dungeon Crawl Stone Soup version 0.30-a0-776-g08fbeb92c1 (webtiles) character file.

Game seed: 18339681278934098152

165753 Ijustatesigmund the Unseen (level 18, -18/102 (114) HPs)
             Began as a Kobold Hunter on Feb 10, 2023.
             Was an Initiate of Gozag.
             Demolished by Mara (illusionary)
             ... wielding a +2 demon trident of draining
              (26 damage)
             ... on level 4 of the Swamp on Feb 13, 2023.
             The game lasted 01:41:35 (34964 turns).

Ijustatesigmund the Unseen (Kobold Hunter)         Turns: 34964, Time: 01:41:36

HP:   -18/102 (114) AC: 34    Str: 11    XL:     18   Next: 52%
MP:   26/26         EV: 14    Int: 16    God:    Gozag
Gold: 1400          SH: 12    Dex: 20    Spells: 22/28 levels left

rFire   + + .      SeeInvis .    E - +10 dagger of Dehuz {vamp, rC+}
rCold   + + +      Faith    .    Z - +2 shield of Resistance {rF++ rC++ Will++}
rNeg    + . .      Spirit   .    f - +3 pearl dragon scales
rPois   +          Reflect  .    W - +3 helmet of Hepliaklqana's Envy {rElec rCorr Int+5 Dex-3}
rElec   +          Harm     .    F - +2 cloak {rPois}
rCorr   +          Rampage  .    o - +2 pair of gloves
Will    +++..                    L - +1 pair of boots
Stlth   +++++++                  m - amulet of regeneration
HPRegen 1.17/turn                J - +4 ring of slaying
MPRegen 0.20/turn                T - +4 ring of protection

@: studying Unarmed Combat, heavily drained
A: small, no large weapons, nightstalker 3
a: Renounce Religion, Potion Petition, Call Merchant, Bribe Branch


You were on level 4 of the Swamp.
You worshipped Gozag.
Gozag was most pleased with you.
You visited 5 branches of the dungeon, and saw 27 of its levels.
You also visited: Sewer, Gauntlet and Ice Cave.

You collected 10330 gold pieces.
You spent 5994 gold pieces at shops.
You paid 2936 gold pieces to Gozag.

Inventory:

Hand Weapons
 a - a +7 shortbow of flaming
 y - a +4 rapier of venom
 E - the +10 dagger of Dehuz (weapon) {vamp, rC+}
   (You bought it in a shop on level 3 of the Lair of Beasts)

   rC:        It protects you from cold.
Missiles
 C - 5 throwing nets
Armour
 f - +3 pearl dragon scales (worn)
 o - a +2 pair of gloves (worn)
 p - a +1 buckler of protection
 F - a +2 cloak of poison resistance (worn)
 G - a +0 kite shield of reflection
 L - a +1 pair of boots (worn)
 U - a +1 pair of boots of rampaging
 W - the +3 helmet of Hepliaklqana's Envy (worn) {rElec rCorr Int+5 Dex-3}
   (You found it in a Gauntlet)

   Int:       It affects your intelligence (+5).
   Dex:       It affects your dexterity (-3).
   rElec:     It insulates you from electricity.
   rCorr:     It protects you from acid and corrosion.
 X - the +0 helmet "Gockac" {rF+ Will- rCorr}
   (You found it in a Gauntlet)

   rF:        It protects you from fire.
   rCorr:     It protects you from acid and corrosion.
   Will:      It decreases your willpower.
 Z - the +2 shield of Resistance (worn) {rF++ rC++ Will++}
   (You found it in a Gauntlet)

   rF:        It greatly protects you from fire.
   rC:        It greatly protects you from cold.
   Will:      It greatly increases your willpower.
Jewellery
 d - a ring of protection from cold
 g - an amulet of the acrobat
 k - a ring of protection from fire
 m - an amulet of regeneration (around neck)
 J - a +4 ring of slaying (left hand)
 T - a +4 ring of protection (right hand)
 V - a ring of resist corrosion
Wands
 n - a wand of polymorph (9)
 u - a wand of iceblast (10)
 N - a wand of flame (1)
 O - a wand of digging (10)
 Q - a wand of paralysis (12)
Scrolls
 b - 12 scrolls of immolation
 h - a scroll of fear
 q - a scroll of teleportation
 v - 2 scrolls of torment
 w - 2 scrolls of magic mapping
 B - a scroll of summoning
 D - 5 scrolls of fog
 I - a scroll of blinking
 K - 3 scrolls of poison
 R - 6 scrolls of amnesia
 Y - 12 scrolls of identify
Potions
 c - a potion of brilliance
 e - 6 potions of magic
 i - 4 potions of curing
 j - a potion of heal wounds
 r - 3 potions of attraction
 s - 2 potions of mutation
 t - a potion of resistance
 x - a potion of berserk rage
 z - a potion of might
 A - 2 potions of haste
 H - 4 potions of cancellation
 M - 3 potions of flight
 S - 7 potions of lignification
Miscellaneous
 P - a condenser vane


   Skills:
 + Level 13.2 Fighting
 - Level 10.5 Short Blades
 - Level 18.3 Ranged Weapons
 - Level 8.7 Armour
 + Level 11.5 Dodging
 - Level 18.5 Stealth
 - Level 4.4 Shields
 - Level 5.8 Spellcasting
 - Level 4.4 Hexes
 - Level 7.5 Translocations
 - Level 4.4 Fire Magic
 - Level 13.5 Evocations


You had 22 spell levels left.
You knew the following spells:

 Your Spells              Type           Power      Damage    Failure   Level
a - Magic Dart            Conj           16%        1d3       99%         1
b - Inner Flame           Hex/Fire       18%        N/A       88%         3
c - Blink                 Tloc           56%        N/A       28%         2

Your spell library contained the following spells:

 Spells                   Type           Power      Damage    Failure   Level
 Manifold Assault         Tloc           28%        N/A       88%         4
 Kindle Blastsparks       Fire/Tloc/Air  34%        2d12      93%         3
 Vhi's Electric Charge    Tloc/Air       32%        N/A       95%         3
 Sandblast                Erth           8%         2d5       99%         1
 Shock                    Conj/Air       16%        1d4       99%         1
 Call Imp                 Summ           4%         N/A       99%         2
 Passwall                 Tmut/Erth      3%         N/A       99%         2
 Searing Ray              Conj           8%         2d4       99%         2
 Static Discharge         Conj/Air       8%         2-3/arc   99%         2
 Frozen Ramparts          Ice            8%         1d2       100%        3
 Hailstorm                Conj/Ice       4%         3d4       100%        3
 Ignite Poison            Fire/Tmut/Pois 9%         N/A       100%        3
 Mephitic Cloud           Conj/Pois/Air  4%         N/A       100%        3
 Stone Arrow              Conj/Erth      8%         3d7       100%        3
 Animate Armour           Summ/Erth      8%         N/A       100%        4
 Flame Wave               Conj/Fire      11%        2d6       100%        4
 Fulminant Prism          Conj/Hex       5%         3d6       100%        4
 Ice Form                 Ice/Tmut       4%         N/A       100%        4
 Sticky Flame             Conj/Fire      11%        2d3       100%        4
 Arcjolt                  Conj/Air       2%         1d12      100%        5
 Blade Hands              Tmut           2%         N/A       100%        5
 Freezing Cloud           Conj/Ice/Air   2%         6-21      100%        5
 Irradiate                Conj/Tmut      2%         3d12      100%        5
 Lightning Bolt           Conj/Air       2%         1d13      100%        5
 Metabolic Englaciation   Hex/Ice        5%         N/A       100%        5
 Yara's Violent Unravell  Hex/Tmut       5%         3d4       100%        5
 Dispersal                Tloc           14%        N/A       100%        6
 Dragon Form              Tmut           2%         N/A       100%        7
 Enfeeble                 Hex            9%         N/A       100%        7
 Malign Gateway           Summ/Tloc      8%         N/A       100%        7
 Storm Form               Tmut/Air       2%         N/A       100%        7
 Disjunction              Tloc           14%        N/A       100%        8
 Summon Horrible Things   Summ           2%         N/A       100%        8
 Shatter                  Erth           2%         3d6*      100%        9
 Simulacrum               Ice/Necr       Unusable   N/A       N/A         6

Dungeon Overview and Level Annotations

Branches:
Dungeon (15/15)            Temple (1/1) D:6            Lair (5/5) D:11
  Swamp (4/4) Lair:2       Spider (0/4) Lair:2        Slime (0/5) Lair:4
    Orc (2/2) D:10            Elf (0/3) Orc:2        Vaults (0/5) D:13
 Depths (0/4) D:15          Sewer (visited)           IceCv (visited)
Gauntlet (visited)

Altars:
Ashenzari
Cheibriados
Dithmenos
Elyvilon
Fedhas
Gozag
Hepliaklqana
Kikubaaqudgha
Makhleb
Nemelex Xobeh
Okawaru
Qazlal
Ru
Sif Muna
Trog
Uskayaw
Vehumet
Wu Jian
Xom
Yredelemnul
Zin
The Shining One

Shops:
D:11 !   Orc:2 ((([   Lair:3 (   Lair:5 (   Swamp:1 [

Annotations:
D:3 2 transporters, Olga's ghost, amateur DjCj
D:15 Agnes; Rupert
Swamp:2 2 transporters, Viceroy's ghost, adept AtFi
Swamp:4 Mara


Innate Abilities, Weirdness & Mutations

You are small and have problems with some larger weapons.
You are completely attuned to the shadows.


Message History

Mara is lightly wounded.
You block Mara's attack.
Mara hits you with a +2 demon trident of draining!
You partially resist.
You feel drained.
Mara blinks!
You barely miss Mara.
Mara is lightly wounded.
The swamp drake breathes poison at you.
The noxious blast engulfs you but does no damage.
You are poisoned.
You resist. Mara closely misses you.
Mara blinks!
A six-headed hydra comes into view.
Mara calls, "Stop!
In seven days from now the wheel of empire will appear!"
Mara splashes around in the water.
You completely miss Mara.
Mara is heavily wounded.
You feel sick. You block the swamp drake's attack.
Mara hits you from afar with a +2 demon trident of draining!
You partially resist.
You feel drained.
You hit Mara.
Mara is severely wounded.
You feel sick. Mara barely misses you.
You block Ijustatesigmund's illusion's attack.
You block the swamp drake's attack.
You hit Mara but do no damage.
Mara is heavily wounded.
You feel sick.
You are no longer poisoned.
Mara hits you from afar with a +2 demon trident of draining!
You partially resist.
You feel drained.
Mara splashes around in the water.
Ijustatesigmund's illusion hits you but does no damage.
Mara hits you from afar with a +2 demon trident of draining!!
* * * LOW HITPOINT WARNING * * *
You partially resist.
You feel drained.
* * * LOW HITPOINT WARNING * * *
You puncture Mara!
Mara is severely wounded.
The swamp drake bites you but does no damage.
Mara hits you from afar with a +2 demon trident of draining!!
You die...
Your body crumbles into a pile of gold.

.~.♣♣♣.♣~♣.♣.♣♣♣.~..~~.
~~♣.♣.♣♣♣~♣.♣.♣.)♣~.~.~
.♣.♣.♣...♣♣..♣.♣....~§~
♣.♣.♣.♣.♣.♣.♣♣♣.♣.♣~~§.
♣♣.♣.♣♣~.♣.[.♣~♣♣♣.....
♣.♣~♣.♣.♣♣♣.♣.♣...♣~..~
.♣♣♣...♣)♣.♣.♣k○.♣R..~~
♣ ♣~♣♣♣.♣~♣.♣.♣♣♣kD~§..
♣.♣.♣♣♣.♣.♣R☼@@.~..~
♣~~~♣ ♣♣♣.♣..R~.~.
♣.~♣.♣ ♣§♣.~§~.~
♣.♣♣♣~♣ ♣.♣.~~~~.~ .♣.
♣♣ ..$♣....~ $ ♣♣ ♣♣ $


You could see 3 Maras, a six-headed hydra, a swamp drake (catching breath) and
Ijustatesigmund's illusion.

Vanquished Creatures
  Bai Suzhen (Swamp:4)
  Jorgrun (D:14)
  4 thorn hunters
  Gastronok (Lair:1)
  A ghoul (Swamp:4)
  4 bunyips
  2 eleionomae (Swamp:2)
  Azrael (D:15)
  A minotaur (Gauntlet)
  3 shambling mangroves
  4 vault guards (D:13)
  The ghost of Majang the Cleaver, a journeyman TeBe of Trog (Orc:1)
  20 hydras
  2 catoblepae
  5 centaur warriors
  2 ghost crabs (Swamp:3)
  10 alligators
  4 merfolk avatars (Swamp:2)
  8 two-headed ogres
  5 tengu warriors
  15 death yaks
  2 boulder beetles
  3 orc high priests (Orc:2)
  Urug (D:10)
  8 skeletal warriors
  4 skysharks
  A goliath frog (Swamp:3)
  A spriggan druid (Swamp:4)
  2 fire crabs (Lair:4)
  6 bog bodies
  9 swamp dragons
  3 deep elf pyromancers (D:9)
  4 orc knights
  4 orc sorcerers (Orc:2)
  A phantasmal warrior (D:15)
  A necromancer (D:15)
  An oklob plant (D:7)
  2 manticores
  A wolf spider (D:12)
  A fire giant zombie (D:15)
  6 cyclopes
  5 will-o-the-wisps
  4 ugly things
  3 ice statues
  10 elephants
  12 black mambas
  4 gargoyles
  3 torpor snails
  7 rime drakes
  19 cane toads
  An unseen horror (D:11)
  A freezing wraith (IceCv)
  2 ice devils (Lair:2)
  10 komodo dragons
  A kobold demonologist (D:12)
  22 hornets
  A wolf spider simulacrum (Gauntlet)
  A bloated husk (Swamp:1)
  8 trolls
  6 tyrant leeches
  A raiju (shapeshifter) (D:14)
  A dream sheep (shapeshifter) (D:13)
  13 polar bears
  8 dream sheep (Lair:5)
  8 slime creatures
  15 blink frogs
  5 shadows
  2 dire elephant simulacra (Lair:2)
  6 wyverns
  33 yaks
  A vampire (D:13)
  24 spriggans
  4 fire elementals (D:15)
  4 wraiths
  6 basilisks
  8 vampire mosquitoes
  A warg (Orc:1)
  A redback simulacrum (Gauntlet)
  3 steam dragons (D:9)
  Menkaure (D:7)
  17 swamp worms
  A harpy simulacrum (Gauntlet)
  2 acid dragons
  A meliai simulacrum (D:13)
  24 water moccasins
  2 hell hounds (D:15)
  Pargi (Sewer)
  10 swamp drakes
  24 orc warriors
  4 ice beasts
  5 black bears
  8 ogres
  8 boggarts
  31 wolves
  5 centaurs
  2 phantoms (D:6)
  3 kobold brigands
  Blork the orc (D:6)
  3 gnoll sergeants
  16 bullfrogs
  4 scorpions
  2 cane toad simulacra (IceCv)
  4 necrophages
  A hornet simulacrum (Gauntlet)
  10 wights
  9 killer bees
  An elephant simulacrum (IceCv)
  5 howler monkeys
  2 hounds (D:5)
  12 jellies
  14 orc priests
  3 gnoll boudas
  6 iguanas
  Ijyb (D:3)
  23 orc wizards
  A hell rat (Lair:4)
  A spriggan simulacrum (Lair:2)
  A polar bear simulacrum (Lair:2)
  18 gnolls
  11 adders
  A river rat (D:6)
  2 shadow imps
  14 white imps
  4 ufetubi
  2 worms
  3 dart slugs
  64 orcs
  8 ball pythons
  15 endoplasms
  6 giant cockroaches
  5 goblins
  6 hobgoblins
  16 jackals
  18 kobolds
  5 quokkas
  2 bats (D:1)
  6 frilled lizards
  8 rats
903 creatures vanquished.

Vanquished Creatures (others)
  2 eleionomae (Swamp:3)
  A bunyip (Swamp:3)
  A swamp dragon (Swamp:3)
  A rime drake (Swamp:4)
  A bloated husk (Swamp:1)
  3 hornets (Swamp:3)
  An orc warrior (Orc:2)
  An orc priest (Orc:2)
  A briar patch (Swamp:4)
  8 foxfires
  44 fungi
  102 plants
  13 withered plants (D:15)
179 creatures vanquished.

Grand Total: 1082 creatures vanquished

Notes
Turn   | Place    | Note
-------+----------+-------------------------------------------
     0 | D:1      | Ijustatesigmund the Kobold Hunter began the quest for the
                  | Orb.
     0 | D:1      | Reached XP level 1. HP: 12/12 MP: 1/1
   102 | D:1      | Reached XP level 2. HP: 4/18 MP: 2/2
   722 | D:1      | Reached XP level 3. HP: 22/22 MP: 3/3
  1481 | D:2      | Reached XP level 4. HP: 27/27 MP: 4/4
  1507 | D:2      | Found a shimmering altar of Xom.
  2104 | D:3      | Found a faded altar of an unknown god.
  2541 | D:3      | Found a transporter.
  2560 | D:3      | Reached XP level 5. HP: 29/32 MP: 5/5
  2971 | D:3      | Identified the +0 short sword of Vugown {flame, *Rage
                  | Will+++ Str+3 Int-3}
  2972 | D:3      | Found a transporter.
  2975 | D:3      | Noticed Olga's ghost (amateur DjCj)
  3069 | D:3      | Noticed Ijyb
  3078 | D:3      | Killed Ijyb
  3354 | D:4      | Found a hazy altar of Hepliaklqana.
  3361 | D:4      | Found an ancient bone altar of Kikubaaqudgha.
  3385 | D:4      | Reached XP level 6. HP: 16/37 MP: 6/6
  3923 | D:4      | Noticed an ice beast
  4203 | D:4      | Killed an ice beast
  4204 | D:4      | Reached skill level 5 in Dodging
  4570 | D:5      | Entered Level 5 of the Dungeon
  4688 | D:5      | Reached XP level 7. HP: 41/41 MP: 7/7
  4742 | D:5      | Reached skill level 1 in Evocations
  5875 | D:6      | Reached skill level 5 in Fighting
  5875 | D:6      | Reached XP level 8. HP: 48/49 MP: 8/8
  5949 | D:6      | Found a glowing drain.
  5955 | Sewer    | Entered a sewer
  5972 | Sewer    | Noticed Pargi
  5978 | Sewer    | Killed Pargi
  6190 | Sewer    | Identified a scroll of acquirement
  6343 | D:5      | Reached skill level 1 in Armour
  6468 | D:6      | Noticed Blork the orc
  6473 | D:6      | Killed Blork the orc
  6493 | D:6      | Identified the +4 mace of Drought {drain, Int+4}
  6765 | D:6      | Found a staircase to the Ecumenical Temple.
  6786 | D:6      | Found a hide-covered altar of Uskayaw.
  6800 | Temple   | Entered the Ecumenical Temple
  7032 | Temple   | Upgraded the game from 0.30-a0-758-gc2c871d025 to
                  | 0.30-a0-776-g08fbeb92c1
  7033 | Temple   | Became a worshipper of Gozag Ym Sagoz the Greedy
  7411 | D:6      | Reached XP level 9. HP: 54/54 MP: 9/9
  7444 | D:6      | Reached skill level 5 in Stealth
  7875 | D:7      | Noticed Menkaure
  7891 | D:7      | Killed Menkaure
  8636 | D:7      | Found a glowing silver altar of Zin.
  8797 | D:7      | Reached skill level 10 in Ranged Weapons
  8944 | D:7      | Noticed an oklob plant
  9428 | D:7      | Killed an oklob plant
  9775 | D:7      | Reached XP level 10. HP: 52/59 MP: 10/10
  9798 | D:7      | Found a stormy altar of Qazlal.
 10509 | D:8      | Acquired an amulet of regeneration
 10777 | D:8      | Identified the +0 whip "Vinyos" {flame, rF+ Str+6 SInv
                  | Stlth-}
 10932 | D:8      | Reached skill level 1 in Short Blades
 11170 | D:8      | Noticed a two-headed ogre
 11182 | D:8      | Killed a two-headed ogre
 11522 | D:8      | Reached XP level 11. HP: 68/68 MP: 11/11
 11750 | D:9      | Reached skill level 5 in Evocations
 11812 | D:9      | Noticed a deep elf pyromancer
 11817 | D:9      | Noticed a deep elf pyromancer
 11830 | D:9      | Killed a deep elf pyromancer
 11830 | D:9      | Killed a deep elf pyromancer
 11892 | D:9      | Noticed a centaur warrior
 11900 | D:9      | Killed a centaur warrior
 11903 | D:9      | Noticed a two-headed ogre
 11908 | D:9      | Killed a two-headed ogre
 11928 | D:9      | Noticed a two-headed ogre
 11941 | D:9      | Killed a two-headed ogre
 12212 | D:9      | Noticed a deep elf pyromancer
 12221 | D:9      | Killed a deep elf pyromancer
 12273 | D:9      | Reached XP level 12. HP: 77/77 MP: 12/12
 12278 | D:9      | Reached skill level 10 in Fighting
 13297 | D:10     | Entered Level 10 of the Dungeon
 13337 | D:10     | Found a staircase to the Orcish Mines.
 13532 | D:10     | Noticed a two-headed ogre
 13539 | D:10     | Killed a two-headed ogre
 14063 | D:10     | Found a broken altar of Ashenzari.
 14117 | D:10     | Noticed Urug
 14123 | D:10     | Killed Urug
 14124 | D:10     | Reached skill level 15 in Ranged Weapons
 14820 | D:11     | Found a staircase to the Lair.
 14902 | D:11     | Found Upyereh's Distillery.
 14906 | D:11     | Bought a potion of heal wounds for 80 gold pieces
 14906 | D:11     | Bought a potion of curing for 48 gold pieces
 14906 | D:11     | Bought a potion of degeneration for 16 gold pieces
 14906 | D:11     | Bought a potion of haste for 160 gold pieces
 14906 | D:11     | Bought 2 potions of lignification for 96 gold pieces
 15036 | D:11     | Noticed a skeletal warrior
 15036 | D:11     | Noticed a skeletal warrior
 15036 | D:11     | Noticed a skeletal warrior
 15067 | D:11     | Killed a skeletal warrior
 15070 | D:11     | Noticed a skeletal warrior
 15089 | D:12     | Noticed a two-headed ogre
 15095 | D:12     | Killed a two-headed ogre
 15096 | D:12     | Reached skill level 10 in Stealth
 15302 | D:12     | Noticed a boulder beetle
 15318 | D:12     | Killed a boulder beetle
 15451 | D:12     | Reached XP level 13. HP: 82/82 MP: 13/13
 15461 | D:12     | Reached skill level 10 in Evocations
 15721 | D:11     | Found an iron altar of Okawaru.
 15780 | D:11     | Reached skill level 5 in Armour
 16502 | D:13     | Noticed a centaur warrior
 16506 | D:13     | Killed a centaur warrior
 16654 | D:13     | Identified the +11 dagger "Didotups" {freeze, Will+}
 16682 | D:13     | Noticed a vault guard
 16715 | D:13     | Noticed a vault guard
 16717 | D:13     | Noticed a centaur warrior
 17037 | D:13     | Killed a centaur warrior
 17275 | D:13     | Noticed a vault guard
 17294 | D:13     | Killed a vault guard
 17339 | D:13     | Killed a vault guard
 17414 | D:13     | Noticed a vault guard
 17423 | D:13     | Killed a vault guard
 17424 | D:13     | Reached skill level 5 in Short Blades
 17484 | D:13     | Killed a vault guard
 17485 | D:13     | Reached XP level 14. HP: 41/88 MP: 14/14
 17787 | D:13     | Found a gate to the Vaults.
 18054 | D:14     | Learned a level 1 spell: Magic Dart
 18241 | D:14     | Noticed Jorgrun
 18257 | D:14     | Killed Jorgrun
 18831 | D:15     | Entered Level 15 of the Dungeon
 18831 | D:15     | Noticed Rupert
 19104 | D:15     | Found a gate leading to a gauntlet.
 19110 | Gauntlet | Entered a Gauntlet
 19116 | Gauntlet | Found a transporter.
 19138 | Gauntlet | Found a large runed translucent door.
 19139 | Gauntlet | Found a large runed translucent door.
 19140 | Gauntlet | Found a large runed translucent door.
 19140 | Gauntlet | Found a large runed translucent door.
 19141 | Gauntlet | Found a large runed translucent door.
 19142 | Gauntlet | Found a large runed translucent door.
 19143 | Gauntlet | Found a large runed translucent door.
 19143 | Gauntlet | Found a large runed translucent door.
 19160 | Gauntlet | Found a transporter.
 19197 | Gauntlet | Found a large runed translucent door.
 19200 | Gauntlet | Found a large runed translucent door.
 19233 | Gauntlet | Found a transporter.
 19249 | Gauntlet | Found a transporter.
 19255 | Gauntlet | Found a large runed translucent door.
 19256 | Gauntlet | Found a large runed translucent door.
 19257 | Gauntlet | Found a runed translucent door.
 19257 | Gauntlet | Found a runed translucent door.
 19257 | Gauntlet | Found a large runed translucent door.
 19258 | Gauntlet | Found a large runed translucent door.
 19258 | Gauntlet | Found a large runed translucent door.
 19264 | Gauntlet | Found a runed translucent gate.
 19264 | Gauntlet | Found a runed translucent gate.
 19264 | Gauntlet | Found a runed translucent gate.
 19266 | Gauntlet | Found a transporter.
 19289 | Gauntlet | Found a large runed translucent door.
 19292 | Gauntlet | Found a transporter.
 19292 | Gauntlet | Identified the +3 helmet of Hepliaklqana's Envy {rElec
                  | rCorr Int+5 Dex-3}
 19392 | Gauntlet | Identified the +0 helmet "Gockac" {rF+ Will- rCorr}
 19418 | Gauntlet | Noticed a minotaur
 19441 | Gauntlet | Killed a minotaur
 19555 | Gauntlet | Found the +2 shield of Resistance {rF++ rC++ Will++}
 19560 | Gauntlet | Got Sif Muna's Vellum of the Barrage and the Fjord
 19825 | D:15     | Noticed Agnes
 19963 | D:15     | Noticed Azrael
 19992 | D:15     | Killed Azrael
 20038 | D:15     | Found a staircase to the Depths.
 20306 | Lair:1   | Entered Level 1 of the Lair of Beasts
 20325 | Lair:1   | Noticed Gastronok
 20335 | Lair:1   | Killed Gastronok
 21396 | Lair:2   | Reached XP level 15. HP: 78/96 MP: 15/15
 21483 | Lair:2   | Found a staircase to the Swamp.
 21581 | Lair:2   | Found a hole to the Spider Nest.
 21687 | Lair:2   | You fall into a shaft and drop 2 floors!
 21782 | Lair:4   | Found a staircase to the Slime Pits.
 21822 | Lair:4   | Reached skill level 10 in Dodging
 22381 | Lair:4   | Found a white marble altar of Elyvilon.
 22866 | Lair:3   | Found a frozen archway.
 22874 | IceCv    | Entered an ice cave
 22897 | IceCv    | Found a transporter.
 22941 | IceCv    | Found a transporter.
 23040 | IceCv    | Learned a level 3 spell: Inner Flame
 23074 | Lair:3   | Bought a masterwork dagger for 224 gold pieces
 23074 | Lair:3   | Identified the +10 dagger of Dehuz {vamp, rC+} (You bought
                  | it in a shop on level 3 of the Lair of Beasts)
 23761 | Lair:4   | Reached skill level 1 in Fire Magic
 23803 | Lair:4   | Reached skill level 1 in Hexes
 24291 | Lair:4   | Reached XP level 16. HP: 103/103 MP: 16/16
 25297 | Lair:5   | Entered Level 5 of the Lair of Beasts
 25411 | Lair:5   | Reached skill level 15 in Stealth
 25617 | Lair:5   | Paralysed by a hornet for 3 turns
 27083 | Lair:2   | Reached skill level 1 in Spellcasting
 27425 | Lair:2   | Got the Omnibus of the Deep Freeze
 27911 | Orc:1    | Entered Level 1 of the Orcish Mines
 27940 | Orc:1    | Reached XP level 17. HP: 109/109 MP: 21/21
 27992 | Orc:1    | Found a runed translucent gate.
 27992 | Orc:1    | Found a runed translucent gate.
 27992 | Orc:1    | Found a runed translucent gate.
 28613 | Orc:1    | Noticed Majang's ghost (journeyman TeBe)
 28702 | Orc:1    | Killed Majang's ghost
 28814 | Orc:2    | Entered Level 2 of the Orcish Mines
 29113 | Orc:2    | Found a staircase to the Elven Halls.
 29773 | Orc:2    | Found Tukogeig's Antique Weapon Boutique.
 29773 | Orc:2    | Found Tatugic's Antique Armour Emporium.
 29783 | Orc:2    | Found Ijaott's Weapon Emporium.
 29783 | Orc:2    | Found Uthoos's Antique Weapon Boutique.
 29786 | Orc:2    | Bought a sapphire-encrusted scale mail for 234 gold pieces
 29786 | Orc:2    | Identified the +0 scale mail of Fopukh {+Inv rPois rN+
                  | Stlth+} (You bought it in a shop on level 2 of the Orcish
                  | Mines)
 29786 | Orc:2    | Bought a pair of glowing boots for 195 gold pieces
 29786 | Orc:2    | Bought a faintly humming chain mail for 247 gold pieces
 29786 | Orc:2    | Identified the +1 chain mail "Fifim" {rElec rPois Str+7
                  | Int-2} (You bought it in a shop on level 2 of the Orcish
                  | Mines)
 30287 | Swamp:1  | Entered Level 1 of the Swamp
 30317 | Swamp:1  | Reached skill level 5 in Spellcasting
 30458 | Swamp:1  | Reached skill level 10 in Short Blades
 30461 | Swamp:1  | Reached skill level 1 in Shields
 31088 | Swamp:1  | Bought a smoking leather armour for 287 gold pieces
 31088 | Swamp:1  | Identified the +3 leather armour "Ciak" {Str+3 Int+6} (You
                  | bought it in a shop on level 1 of the Swamp)
 31088 | Swamp:1  | Bought pearl dragon scales for 4100 gold pieces
 31113 | Swamp:1  | Bought an embroidered cloak for 307 gold pieces
 31265 | Swamp:2  | Learned a level 2 spell: Blink
 31387 | Swamp:2  | Noticed a thorn hunter
 31450 | Swamp:2  | Found a transporter.
 31468 | Swamp:2  | Noticed Viceroy's ghost (adept AtFi)
 31512 | Swamp:2  | Found a transporter.
 31514 | Swamp:2  | Noticed a tentacled monstrosity
 31591 | Swamp:2  | Reached skill level 1 in Translocations
 31846 | Swamp:2  | Identified the +4 great sword "Wauqogg" {flame, +Blink}
 32292 | Swamp:3  | Noticed a thorn hunter
 32319 | Swamp:2  | Killed a thorn hunter
 33640 | Swamp:3  | Reached XP level 18. HP: 104/105 MP: 26/26
 33750 | Swamp:4  | Entered Level 4 of the Swamp
 33808 | Swamp:4  | Noticed Bai Suzhen
 33821 | Swamp:4  | Reached skill level 5 in Translocations
 34014 | Swamp:4  | Noticed Mara
 34705 | Swamp:4  | Noticed Ijustatesigmund's illusion
 34858 | Swamp:4  | Killed Bai Suzhen
 34955 | Swamp:4  | Noticed Ijustatesigmund's illusion
 34964 | Swamp:4  | Demolished by Mara (illusionary)

Illustrated notes

Levels and vault maps discovered:
D:1:      amcnicky_arrival_single_pillar, layout_basic, st_stairs_13
D:2:      layout_loops_corners, basic_altar
D:3:      layout_basic, gammafunk_ghost_arena,
          ebering_ecumenical_altar_sacrificial, uniq_ijyb
D:4:      layout_rooms, grunt_temple_overflow_open, minmay_between
D:5:      layout_basic, nicolae_grassy_gnolls
D:6:      layout_rooms, lemuel_crystal_altar, minmay_temple_entry_tees,
          portal_sewer_entry_b, uniq_blork_the_orc
D:7:      lemuel_slime, layout_loops_ring, nicolae_qazlal_eye_of_the_storm,
          zin_academy, uniq_menkaure
D:8:      layout_loops_corners, nzn_random_ring
D:9:      minmay_the_grid_plus [minmay_the_grid_expand, minmay_the_grid_paths,
          minmay_the_grid_dragon_b, minmay_the_grid_medium_cups,
          minmay_the_grid_prize_four_corners_diamond_b], layout_long_grid,
          minmay_misc_feat_room, minmay_starry_boxes
D:10:     layout_basic, kennysheep_little_box, orc_0_dummy, uniq_urug
D:11:     layout_roguey, david_lair_generic, serial_shops, shop_fountains,
          okawaru_ov_weapons_minmay
D:12:     layout_cave_pools
D:13:     layout_cross, lightli_vaults_fourway_checkpoint, serial_ice,
          serial_ice_b, serial_ice_a, serial_ice_d, serial_ice_c, serial_ice_j,
          serial_ice_h
D:14:     layout_rooms, hex_intersection, uniq_jorgrun, uniq_josephine
D:15:     gammafunk_depths_entry_grave, layout_cave_pods, minmay_fountain_box,
          gauntlet_entry_generic, nicolae_sif_muna_little_library, uniq_rupert,
          uniq_agnes, uniq_azrael
Temple:   nicolae_temple_elliptical
Lair:1:   layout_hall_layers, uniq_gastronok
Lair:2:   dreamdust_isle_of_ice, layout_cave_pods, minmay_swamp_entry_reptiles,
          spider_nest_entry_web_field, beast_lair_carwin_1, serial_bayou_shore_a
Lair:3:   layout_roguey, portal_ice_cave_entry_imps
Lair:4:   nzn_winding_woodlands_huge [nzn_winding_woodlands_5x15_sidewinder,
          nzn_winding_woodlands_5x15_pathside_ponds,
          nzn_winding_woodlands_5x15_pool,
          nzn_winding_woodlands_5x15_split_checker,
          nzn_winding_woodlands_5x15_jagged,
          nzn_winding_woodlands_5x15_concentric,
          nzn_winding_woodlands_5x15_twine,
          nzn_winding_woodlands_5x15_river_crossing,
          nzn_winding_woodlands_5x15_eye, nzn_winding_woodlands_5x15_parted,
          nzn_winding_woodlands_center_lodge,
          nzn_winding_woodlands_center_pierced_h,
          nzn_winding_woodlands_15x15_five_gardens], layout_regular_city,
          nicolae_slime_entry_field_trip, basic_altar, wad_woods_02
Lair:5:   minmay_lair_end_enchanted_forest, layout_loops_ring
Swamp:1:  layout_basic_swamp, nicolae_swamp_bean_lake, swamp_pool2,
          st_swamp_mini
Swamp:2:  layout_falls_marsh, gammafunk_ghost_arena, serial_swamp_ruin,
          evilmike_swamp_ruin_house_3, evilmike_swamp_ruin_house_2, swamp_pool3,
          hangedman_swamp_diagram, grunt_lady_of_the_lake
Swamp:3:  nicolae_swamp_wrong_neighborhood, layout_falls_marsh,
          nicolae_swamp_orc_logging_accident
Swamp:4:  swamp_alternative, layout_basic_swamp, hangedman_swamp_lotus,
          swamp_pool5, nicolae_swamp_dense_foliage, uniq_mara, uniq_bai_suzhen
Orc:1:    layout_caves, gammafunk_ghost_split, mines1_david
Orc:2:    grunt_orc_tribal_feast, layout_caves

Skill      XL: |  1  2  3  4  5  6  7  8  9 10 11 12 13 14 15 16 17 18 |
---------------+-------------------------------------------------------+-----
Stealth        | 2 3 4 8 10 12 14 18 | 18.5
Dodging        | 3 4 5 6 8 9 11 | 11.5
Fighting       | 3 5 7 9 10 12 13 | 13.2
Ranged Weapons | 6 7 8 10 12 14 15 16 18 | 18.3
Evocations     | 3 4 7 9 11 13 | 13.5
Armour         | 1 4 5 7 8 |  8.7
Short Blades   | 3 5 9 10 | 10.5
Fire Magic     | 2 4 |  4.4
Hexes          | 2 4 |  4.4
Spellcasting   | 3 5 |  5.8
Shields        | 4 |  4.4
Translocations | 4 7 |  7.5

Action                     |  1- 3 |  4- 6 |  7- 9 | 10-12 | 13-15 | 16-18 || total
---------------------------+-------+-------+-------+-------+-------+-------++-------
  Melee: Short sword       |       |       |       |    32 |    21 |       ||    53
         Dagger            |       |       |       |       |    69 |  2207 ||  2276
         Punch             |       |       |       |       |     1 |    20 ||    21
   Fire: Shortbow          |    89 |   196 |   392 |   411 |  1101 |   285 ||  2474
   Cast: Blink             |       |       |       |       |       |     2 ||     2
 Invoke: Potion Petition   |       |       |       |       |     2 |     2 ||     4
         Call Merchant     |       |       |       |       |     1 |     2 ||     3
  Evoke: Wand              |       |       |     5 |    14 |    30 |    26 ||    75
    Use: Scroll            |       |     7 |     6 |    13 |    14 |    15 ||    55
         Potion            |       |     1 |       |     3 |    12 |     9 ||    25
   Stab: Invisible         |       |       |       |       |     2 |       ||     2
         Sleeping          |       |       |       |       |    18 |    36 ||    54
         Distracted        |       |       |       |       |     1 |    20 ||    21
 Armour: Leather armour    |    13 |    46 |    72 |    71 |   207 |   420 ||   829
         Pearl dragon scal |       |       |       |       |       |   791 ||   791
         Skin              |       |       |       |       |       |     2 ||     2
  Dodge: Dodged            |    42 |   102 |   278 |   185 |   568 |  1796 ||  2971
  Block: Buckler           |       |       |       |       |       |   207 ||   207
         Kite shield       |       |       |       |       |       |   152 ||   152

Table legend: (Time is in decaauts)
 A = Elapsed time spent in this place.
 B = Non-inter-level travel time spent in this place.
 C = Inter-level travel time spent in this place.
 D = Time resting spent in this place.
 E = Time spent auto-exploring this place.
 F = Levels seen in this place.
 G = Mean time per level.
                   A        B        C        D        E       F      G
               +--------+--------+--------+--------+--------+-----+--------+
         Total |  34071 |  32284 |   1787 |   7979 |  17930 |  30 | 1135.7 |
       Dungeon |  19225 |  18291 |    934 |   5929 |   9590 |  15 | 1281.7 |
        Temple |    326 |    289 |     37 |     40 |    196 |   1 |  326.0 |
          Lair |   7264 |   6629 |    635 |    717 |   4505 |   5 | 1452.8 |
         Swamp |   4492 |   4401 |     91 |    744 |   2365 |   4 | 1123.0 |
  Orcish Mines |   1774 |   1685 |     89 |    222 |   1046 |   2 |  887.0 |
         Sewer |    386 |    386 |      0 |    225 |    127 |   1 |  386.0 |
      Ice Cave |    174 |    174 |      0 |     44 |     27 |   1 |  174.0 |
      Gauntlet |    428 |    428 |      0 |     57 |     74 |   1 |  428.0 |
               +--------+--------+--------+--------+--------+-----+--------+

Top non-repeatable levels by time:
  Lair:4: 2555 daAuts
     D:7: 2129 daAuts
     D:8: 1670 daAuts
     D:5: 1640 daAuts
     D:9: 1539 daAuts
  Lair:2: 1478 daAuts
     D:3: 1455 daAuts
     D:4: 1347 daAuts
 Swamp:2: 1290 daAuts
    D:12: 1250 daAuts
  Lair:5: 1217 daAuts
 Swamp:3: 1185 daAuts
    D:10: 1157 daAuts
    D:11: 1156 daAuts
    D:13: 1134 daAuts
